 Dungeon Crawl Stone Soup version 0.21.1-1-g345015f (webtiles) character file.

5112 sanboga the Cleaver (level 10, -18/99 HPs)
             Began as a Gargoyle Berserker on May 8, 2018.
             Was a High Priest of Trog.
             Killed from afar by lansh's ghost (31 damage)
             ... with a stone arrow
             ... on level 9 of the Dungeon.
             The game lasted 00:15:24 (8112 turns).

sanboga the Cleaver (Gargoyle Berserker)            Turns: 8112, Time: 00:15:25

Health: -18/99     AC: 20    Str: 28    XL:     10   Next: 58%
Magic:  10/10      EV:  9    Int:  7    God:    Trog [*****.]
Gold:   356        SH:  0    Dex: 11    Spells: 9/9 levels left

rFire    . . .     SeeInvis +   k - +1 war axe
rCold    + . .     Gourm    .   (no shield)
rNeg     + . .     Faith    .   m - +0 chain mail
rPois    ∞         Spirit   .   (helmet restricted)
rElec    +         Reflect  .   (no cloak)
rCorr    .         Harm     .   (no gloves)
MR       .....                  e - +1 pair of boots
Stlth    ..........             (no amulet)
HPRegen  0.26/turn              i - ring of protection from cold
MPRegen  0.12/turn              (no ring)

@: berserking (expiring), very quick
A: horns 1, thin skeletal structure 1, see invisible, negative energy resistance
1, electricity resistance, weak 1, unbreathing, petrification resistance, rot
immunity, AC +7
a: Berserk, Trog's Hand, Brothers in Arms, Burn Spellbooks, Renounce Religion


You were on level 9 of the Dungeon.
You worshipped Trog.
Trog was extremely pleased with you.
You were hungry.

You visited 1 branch of the dungeon, and saw 9 of its levels.

You collected 356 gold pieces.

Inventory:

Hand Weapons
 k - a +1 war axe (weapon)
Armour
 e - a +1 pair of boots (worn)
 m - a +0 chain mail (worn)
Jewellery
 i - a ring of protection from cold (left hand)
Wands
 a - a wand of disintegration (10)
 q - a wand of paralysis (13)
Scrolls
 d - 3 scrolls of teleportation
 h - a scroll of blinking
 l - 7 scrolls of remove curse
 n - a scroll of enchant armour
 p - 3 scrolls of magic mapping
Potions
 j - 4 potions of curing
 o - a potion of lignification
 r - a potion of mutation
Books
 g - a book of Callings

   Spells                             Type                      Level
   a - Summon Small Mammal            Summoning                    1
   b - Call Imp                       Summoning                    2
   c - Call Canine Familiar           Summoning                    3
   d - Summon Guardian Golem          Hexes/Summoning              3
   e - Summon Lightning Spire         Summoning/Air                4
   f - Summon Ice Beast               Ice/Summoning                4
   Trog disapproves of the use of such an item.
Comestibles
 c - 13 rations


   Skills:
 + Level 9.1 Fighting
 * Level 10.3 Axes
 + Level 8.7 Armour
 - Level 1.5 Dodging


You had 9 spell levels left.
You didn't know any spells.

Dungeon Overview and Level Annotations

Branches:
Dungeon (9/15)             Temple (0/1) D:5            Lair (0/6) D:8
    Orc: D:9-12

Altars:
Fedhas
Kikubaaqudgha
Nemelex Xobeh
Okawaru
Ru
Trog
Uskayaw
Vehumet
Wu Jian
Yredelemnul
The Shining One

Shops:
D:5 =

Annotations:
D:9 lansh's ghost, journeyman GrEE


Innate Abilities, Weirdness & Mutations

You are resistant to torment.
Your stone body is resilient. (AC +7)
You are immune to poison.
You resist negative energy. (rN+)
You are resistant to electric shocks. (rElec)
You can survive without breathing.
You are immune to petrification.
You are immune to rotting.
You have a pair of small horns on your head.
You have a somewhat thin skeletal structure. (Dex +2, Stealth)
You have supernaturally acute eyesight. (SInv)
You are weak. (Str -2)


Message History

You closely miss lansh's ghost.
Lansh's ghost is lightly damaged.
Lansh's ghost hits you!
You barely miss lansh's ghost. Your headbutt misses lansh's ghost.
Lansh's ghost is lightly damaged.
You closely miss lansh's ghost.
Lansh's ghost is lightly damaged.
Lansh's ghost hits you!
* * * LOW HITPOINT WARNING * * *
x2 You slash lansh's ghost!
Your headbutt misses lansh's ghost.
Lansh's ghost is moderately damaged.
Lansh's ghost hits you!
* * * LOW HITPOINT WARNING * * *
x2 You slash lansh's ghost!
Lansh's ghost is heavily damaged.
You slash lansh's ghost!
Lansh's ghost is severely damaged.
Lansh's ghost points at you and mumbles some strange words.
The stone arrow hits you!
You die...

#.# #.# #.# #.# #.# #.#
#.#
#.#.############.#######
#.....W@.....#..........
#######.####.....#######
#.# ###...# ### #.#
##.## ##.# #.# #.# ##.#.
#.# #.# ##.### #.#
#.###.#.## #.#
#!##.###.# #...## ##.


You could see lansh's ghost.

Vanquished Creatures
  A two-headed ogre (D:9)
  The ghost of THUG4L1F3 the Skirmisher, a novice MiBe of Trog (D:5)
  A cyclops (D:8)
  Joseph (D:7)
  A gargoyle (D:8)
  A komodo dragon (D:8)
  Grinder (D:6)
  Prince Ribbit (D:8)
  A spriggan (D:8)
  A hungry ghost (D:9)
  An orc warrior (D:6)
  3 phantoms
  2 sky beasts
  An ogre (D:5)
  A big kobold (D:8)
  2 bullfrogs
  4 killer bees (D:8)
  3 crimson imps
  3 howler monkeys
  A quasit (D:8)
  A bullfrog zombie (D:4)
  3 hounds
  6 orc wizards
  2 orc priests
  A centaur skeleton (D:6)
  A bullfrog skeleton (D:4)
  7 worker ants
  A killer bee zombie (D:7)
  A hound skeleton (D:4)
  Robin (D:2)
  4 gnolls (D:6)
  5 adders
  A shadow imp (D:8)
  2 oozes
  An adder zombie (D:7)
  4 worms
  2 dart slugs
  4 leopard geckos
  27 orcs
  A ball python (D:2)
  5 bats
  4 giant cockroaches
  14 goblins
  9 hobgoblins
  29 jackals
  10 kobolds
  2 quokkas
  5 frilled lizards
  A jackal skeleton (D:6)
  A quokka zombie (D:5)
  9 rats
195 creatures vanquished.

Vanquished Creatures (others)
  12 plants (D:8)
  9 toadstools (D:5)
21 creatures vanquished.

Grand Total: 216 creatures vanquished

Notes
Turn   | Place    | Note
-------+----------+-------------------------------------------
     0 | D:1      | sanboga the Gargoyle Berserker began the quest for the Orb.
     0 | D:1      | Reached XP level 1. HP: 14/14 MP: 1/1
     6 | D:1      | Noticed a black bear
     6 | D:1      | Noticed a rime drake
     6 | D:1      | Noticed a worker ant
     7 | D:1      | Noticed a black mamba
     7 | D:1      | Noticed an iguana
    77 | D:1      | Reached XP level 2. HP: 13/19 MP: 2/2
    99 | D:1      | Reached skill level 3 in Axes
   352 | D:1      | Reached ** piety under Trog
   380 | D:1      | Reached XP level 3. HP: 16/23 MP: 3/3
   925 | D:1      | Gained mutation: You have supernaturally acute eyesight. (SInv) [potion of mutation]
   925 | D:1      | Gained mutation: You have a somewhat thin skeletal structure. (Dex +2, Stealth) [potion of mutation]
   925 | D:1      | Gained mutation: You are weak. (Str -2) [potion of mutation]
   925 | D:1      | Gained mutation: You have a pair of small horns on your head. [potion of mutation]
  1056 | D:2      | Noticed Robin
  1071 | D:2      | Killed Robin
  1071 | D:2      | Reached XP level 4. HP: 16/29 MP: 4/4
  1779 | D:2      | Reached *** piety under Trog
  1976 | D:3      | Reached skill level 4 in Axes
  2095 | D:3      | Noticed a phantom
  2127 | D:3      | Killed a phantom
  2127 | D:3      | Reached XP level 5. HP: 26/34 MP: 5/5
  2377 | D:3      | Reached XP level 6. HP: 37/39 MP: 6/6
  2415 | D:3      | Found a sparkling altar of Nemelex Xobeh.
  2688 | D:4      | Noticed a phantom
  2781 | D:4      | Killed a phantom
  2781 | D:4      | Reached skill level 5 in Axes
  2855 | D:4      | Reached skill level 5 in Fighting
  2908 | D:4      | Reached XP level 7. HP: 34/44 MP: 7/7
  2945 | D:4      | Reached **** piety under Trog
  3154 | D:4      | Noticed a dagger
  3154 | D:4      | Noticed a hand axe
  3169 | D:4      | Found a hide-covered altar of Uskayaw.
  3259 | D:4      | Reached skill level 6 in Axes
  3259 | D:4      | Reached skill level 5 in Armour
  3367 | D:4      | Found a sacrificial altar of Ru.
  3511 | D:5      | Entered Level 5 of the Dungeon
  3861 | D:5      | Found a staircase to the Ecumenical Temple.
  3922 | D:5      | Reached XP level 8. HP: 51/51 MP: 8/8
  3995 | D:5      | Noticed THUG4L1F3's ghost (novice MiBe)
  4482 | D:5      | Found Jiab's Jewellery Boutique.
  4752 | D:5      | Killed THUG4L1F3's ghost
  4752 | D:5      | Reached skill level 7 in Axes
  4973 | D:6      | Reached XP level 9. HP: 42/56 MP: 9/9
  5354 | D:6      | Noticed Grinder
  5362 | D:6      | Killed Grinder
  5362 | D:6      | Reached skill level 8 in Axes
  5474 | D:6      | Reached ***** piety under Trog
  5762 | D:7      | Noticed Joseph
  5783 | D:7      | Killed Joseph
  6079 | D:7      | Found a radiant altar of Vehumet.
  6205 | D:7      | Found an ancient bone altar of Kikubaaqudgha.
  6206 | D:7      | Found an ornate altar of the Wu Jian Council.
  6219 | D:7      | Found an iron altar of Okawaru.
  6604 | D:8      | Found a blossoming altar of Fedhas.
  6637 | D:8      | Noticed a cyclops
  6655 | D:8      | Killed a cyclops
  6655 | D:8      | Reached skill level 9 in Axes
  6665 | D:8      | Noticed Prince Ribbit
  6682 | D:8      | HP: 2/59 [killer bee (4)]
  6699 | D:8      | Killed Prince Ribbit
  6699 | D:8      | Reached XP level 10. HP: 25/64 MP: 10/10
  6856 | D:8      | Noticed a gargoyle
  6872 | D:8      | Killed a gargoyle
  7028 | D:8      | Found a basalt altar of Yredelemnul.
  7035 | D:8      | Found a glowing golden altar of the Shining One.
  7060 | D:8      | Found a bloodstained altar of Trog.
  7586 | D:8      | Reached skill level 10 in Axes
  7610 | D:8      | Found a staircase to the Lair.
  7762 | D:8      | Noticed an angel
  7869 | D:9      | Noticed a two-headed ogre
  7876 | D:9      | Killed a two-headed ogre
  8091 | D:9      | Noticed lansh's ghost (journeyman GrEE)
  8112 | D:9      | Killed from afar by lansh's ghost

Skill      XL: |  1  2  3  4  5  6  7  8  9 10 |
---------------+-------------------------------+-----
Axes           | 3 4 5 6 7 9 10 | 10.3
Armour         | 3 4 5 6 7 8 |  8.7
Fighting       | 4 5 6 8 9 |  9.1
Dodging        | |  1.5

Action                   |  1- 3 |  4- 6 |  7- 9 | 10-12 || total
-------------------------+-------+-------+-------+-------++-------
Melee: Hand axe          |   146 |   216 |    20 |       ||   382
       Headbutt          |     3 |    35 |    52 |    21 ||   111
       War axe           |       |       |   248 |    99 ||   347
Invok: Berserk           |       |       |     3 |     3 ||     6
       Burn Spellbooks   |       |       |     1 |     1 ||     2
       Trog's Hand       |       |       |     1 |       ||     1
Evoke: Wand              |       |       |     4 |     1 ||     5
  Use: Scroll            |     2 |     4 |    11 |     2 ||    19
       Potion            |     2 |     3 |     4 |       ||     9
 Stab: Sleeping          |       |     1 |       |       ||     1
  Eat: Chunk             |     1 |     6 |    12 |     5 ||    24
       Ration            |       |       |     1 |     1 ||     2
Armor: Animal skin       |    52 |       |       |       ||    52
       Leather armour    |     5 |    25 |       |       ||    30
       Scale mail        |       |    49 |    84 |       ||   133
       Ring mail         |       |     8 |       |       ||     8
       Chain mail        |       |       |    97 |    62 ||   159
Dodge: Dodged            |   103 |   124 |   130 |    50 ||   407
